 Dungeon Crawl Stone Soup version 0.31-a0-1074-g0b22e4e0f1 (console) character file.

Game seed: 14981965870904415666

9 petzl the Sneak (level 2, -8/24 HPs)
             Began as a Formicid Delver on Dec 6, 2023.
             Mangled by an ice beast (9 damage)
             ... on level 5 of the Dungeon.
             The game lasted 00:03:02 (563 turns).

petzl the Sneak (Formicid Delver)                    Turns: 563, Time: 00:03:03

Health: -8/24      AC:  3    Str: 16    XL:     2   Next: 25%
Magic:  3/3        EV: 12    Int:  9    God:
Gold:   58         SH:  0    Dex: 15    Spells: 2/2 levels left

rFire   . . .        b - +0 arbalest
rCold   . . .        (no shield)
rNeg    . . .        j - +0 leather armour
rPois   .            (helmet unavailable)
rElec   .            (no cloak)
rCorr   .            (no gloves)
SInv    +            (no boots)
Will    .....        (no amulet)
Stlth   +++          (no ring)
HPRegen 0.24/turn    (no ring)
MPRegen 0.08/turn

%: no passive effects
@: no status effects
A: permanent stasis, dig shafts and tunnels, antennae 3, four strong arms
a: Dig, Shaft Self


You were on level 5 of the Dungeon.
You visited 1 branch of the dungeon, and saw 4 of its levels.

You collected 58 gold pieces.

Inventory:

Hand Weapons
 a - a +0 quarterstaff
 b - a +0 arbalest (weapon)
 g - a +0 mace
Missiles
 h - 3 poisoned darts
Armour
 j - a +0 leather armour (worn)
Wands
 f - a wand of digging (3)
 i - a wand of flame (15)
Scrolls
 c - 2 scrolls of fog
 d - a scroll of revelation
 e - a scroll of fear
 k - a scroll of immolation {unknown}
 m - a scroll of blinking {unknown}
Potions
 l - a potion of brilliance {unknown}


   Skills:
 - Level 3.3 Fighting
 - Level 2.0 Maces & Flails
 + Level 0.9 Ranged Weapons
 - Level 1.8 Dodging
 - Level 6.0 Stealth
 + Level 0.9 Spellcasting


You had 2 spell levels left.
You didn't know any spells.
Your spell library was empty.

Dungeon Overview and Level Annotations

Branches:
Dungeon (8/15)
 Temple: D:4-7         Lair: D:8-11

Altars:

Annotations:
D:6 exclusions: 3 sensed monsters (detected) and upstairs
D:7 exclusions: black bear and downstairs


Innate Abilities, Weirdness & Mutations

You cannot be hasted, slowed, berserked, paralysed or teleported.
You can dig through walls and to a lower floor.
You have a pair of large antennae on your head. (SInv)
Your four strong arms can wield two-handed weapons with a shield.


Message History

Found 8 gold pieces.
The ice beast attacks as it pursues you!
The ice beast misses you.
Found 19 gold pieces.
The ice beast attacks as it pursues you!
The ice beast closely misses you.
The ice beast attacks as it pursues you!
The ice beast misses you.
The ice beast attacks as it pursues you!
The ice beast barely misses you.
Aiming: Throw Flame
Press: ? - help, Shift-Dir - straight line, f - ice beast
Aim: an ice beast (68% to hit)
The puff of flame hits the ice beast.
The ice beast melts!
The ice beast is lightly wounded.
The ice beast hits you. The ice beast freezes you!
Aiming: Throw Flame
Press: ? - help, Shift-Dir - straight line, f/p - ice beast
Aim: an ice beast (lightly wounded, 68% to hit)
The puff of flame hits the ice beast but does no damage.
The ice beast is lightly wounded.
The ice beast barely misses you.
Aiming: Throw Flame
Press: ? - help, Shift-Dir - straight line, f/p - ice beast
Aim: an ice beast (lightly wounded, 68% to hit)
The puff of flame hits the ice beast.
The ice beast melts!
The ice beast is moderately wounded.
The ice beast barely misses you.
Aiming: Throw Flame
Press: ? - help, Shift-Dir - straight line, f/p - ice beast
Aim: an ice beast (moderately wounded, 68% to hit)
The puff of flame hits the ice beast.
The ice beast melts!
The ice beast is moderately wounded.
The ice beast hits you. The ice beast freezes you!
* * * LOW HITPOINT WARNING * * *
Are you sure you want to shaft yourself?
The ice beast hits you.
* * * LOW HITPOINT WARNING * * *
The ice beast freezes you!
You die...

.....# #. #.....###. #.#
.###.....#.. #.#
.....l......##.. #
...........##.######.....>
.$........................ ##
.....................#... #..
........................#
.... ##....?#.....###.....##
.$..###.....##......###.....#
...........###...............
..........## ##.#............
.........## #..............
#####...# ###.#####.###..
.######...## #.# #.# #..
........### #.. .......
#######..# ..## ##.####?
##.###### .## #.# .. #.oY@..#
#.# ##. ######..# #. #.. ...#
##. ### #.. ....#. . ....
#..#. #. .# .Y .. # .. #..


You could see an ice beast and an orc.

Vanquished Creatures
  A shadow imp (D:6)
  An orc (D:6)
2 creatures vanquished.

Notes
Turn   | Place    | Note
-------+----------+-------------------------------------------
     0 | D:5      | petzl the Formicid Delver began the quest for the Orb.
     0 | D:5      | Reached XP level 1. HP: 18/18 MP: 1/1
    69 | D:7      | Noticed a black bear
    78 | D:7      | Noticed an orc priest
   352 | D:8      | Noticed a steam dragon
   418 | D:6      | Reached XP level 2. HP: 24/24 MP: 1/3
   493 | D:5      | Noticed an ice beast
   493 | D:5      | Noticed an ice beast
   563 | D:5      | HP: 1/24 [ice beast (3)]
   563 | D:5      | Mangled by an ice beast

Illustrated notes

Levels and vault maps discovered:
D:5:      layout_rooms, nicolae_uskayaw_suspiria, minmay_temple_entry_offerings,
          minmay_parallelograms, st_stairs_4
D:6:      layout_basic, kennysheep_mini, serial_shops,
          nicolae_shop_tiny_waterfront, minmay_misc_feat_encased
D:7:      layout_cave_pods
D:8:      layout_gridville, grunt_qazlal_clouds, minmay_small_thing

Action                     || total
---------------------------++-------
  Melee: Mace              ||     2
   Fire: Arbalest          ||     1
Ability: Shaft Self        ||     1
  Evoke: Wand              ||     4
 Armour: Leather armour    ||     5
  Dodge: Dodged            ||    10

Table legend: (Time is in decaauts)
 A = Elapsed time spent in this place.
 B = Non-inter-level travel time spent in this place.
 C = Inter-level travel time spent in this place.
 D = Time resting spent in this place.
 E = Time spent auto-exploring this place.
 F = Levels seen in this place.
 G = Mean time per level.
                   A        B        C        D        E       F      G
               +--------+--------+--------+--------+--------+-----+--------+
         Total |    564 |    528 |     36 |      0 |    254 |   4 |  141.0 |
       Dungeon |    564 |    528 |     36 |      0 |    254 |   4 |  141.0 |
               +--------+--------+--------+--------+--------+-----+--------+

Top non-repeatable levels by time:
     D:6: 350 daAuts
     D:7: 166 daAuts
     D:5: 46 daAuts
     D:8: 1 daAuts
